 Dungeon Crawl Stone Soup version 0.29-a0-338-g1ff7896281 (webtiles) character file.

Game seed: 15009933486164642554

527 spaghetti the Covert (level 7, -6/46 HPs)
             Began as an Octopode Delver on Apr 19, 2022.
             Was an Initiate of Hepliaklqana.
             Mangled by a black bear (7 damage)
             ... on level 4 of the Dungeon.
             The game lasted 00:09:41 (4319 turns).

spaghetti the Covert (Octopode Delver)              Turns: 4319, Time: 00:09:41

Health: -6/46      AC:  1    Str: 11    XL:     7   Next: 23%
Magic:  9/9        EV: 13    Int: 13    God:    Hepliaklqana [......]
Gold:   197        SH:  0    Dex: 15    Spells: 2/9 levels left

rFire   . . .      SeeInvis .   u - +2 dagger (holy) {short}
rCold   . . .      Faith    .   (no shield)
rNeg    . . .      Spirit   .   x - +0 hat
rPois   .          Reflect  .   (no amulet)
rElec   .          Harm     .   (no ring)
rCorr   .          Rampage  .   (no ring)
Will    .....                   (no ring)
Stlth   +++++.....              (no ring)
HPRegen 0.15/turn               (no ring)
MPRegen 0.11/turn               (no ring)
                                (no ring)
                                (no ring)

@: no status effects
A: almost no armour, amphibious, 8 rings, camouflage 1, gelatinous body 1,
(nimble swimmer 1), tentacles
a: Renounce Religion


You were on level 4 of the Dungeon.
You worshipped Hepliaklqana.
Hepliaklqana was noncommittal.
You visited 2 branches of the dungeon, and saw 6 of its levels.

You collected 197 gold pieces.


Innate Abilities, Weirdness & Mutations

You cannot wear most types of armour.
You are amphibious.
You can wear up to eight rings at the same time.
Your skin changes colour to match your surroundings (Stealth+).
Your rubbery body absorbs attacks. (AC +1, EV +1)
((You are camouflaged when in or above water. (Stealth+)))
You have tentacles for arms and can constrict up to eight enemies at once.


   Skills:
 - Level 3.0 Fighting
 - Level 2.0 Short Blades
 - Level 2.0 Dodging
 - Level 10.2 Stealth
 + Level 1.9 Spellcasting
 + Level 2.2 Summonings
 * Level 3.3 Air Magic


You had 2 spell levels left.
You knew the following spells:

 Your Spells              Type           Power      Damage    Failure   Level
a - Foxfire               Conj/Fire      4%         2x1d4     26%         1
b - Static Discharge      Conj/Air       5%         N/A       19%         2
c - Summon Lightning Spi  Summ/Air       8%         N/A       63%         4

Your spell library contained the following spells:

 Spells                   Type           Power      Damage    Failure   Level
 Call Imp                 Summ           7%         N/A       16%         2
 Magic Dart               Conj           4%         1d3       26%         1
 Sublimation of Blood     Necr           1%         N/A       36%         2
 Wereblood                Tmut           1%         N/A       36%         2
 Mephitic Cloud           Conj/Pois/Air  4%         N/A       43%         3
 Airstrike                Air            5%         N/A       54%         4
 Conjure Flame            Conj/Fire      1%         6-21      61%         3
 Inner Flame              Hex/Fire       1%         N/A       61%         3
 Dispel Undead            Necr           1%         3d6       95%         4
 Flame Wave               Conj/Fire      1%         2d4       95%         4
 Sticky Flame             Conj/Fire      1%         2d3       95%         4
 Lightning Bolt           Conj/Air       2%         1d14      98%         5
 Summon Hydra             Summ           3%         N/A       100%        7

Inventory:

Hand Weapons
 a - a +0 short sword {short}
 l - a +2 hand axe of freezing {axe}
   (You took it off Terence on level 3 of the Dungeon)
 u - a +2 dagger of holy wrath (weapon) {short}
   (You took it off an orc on level 2 of the Dungeon)
 z - a +0 hand axe of electrocution {axe}
   (You found it on level 1 of the Dungeon)
 A - a +2 mace of draining {mace}
   (You found it on level 1 of the Dungeon)
 D - a +1 dagger of draining {short}
   (You found it on level 2 of the Dungeon)
 H - a +1 whip of distortion {!wmace}
   (You took it off a gnoll on level 4 of the Dungeon)
Missiles
 i - 163 stones (quivered) {throwing}
 n - 8 poisoned darts {throwing}
 v - 5 boomerangs {throwing}
 C - 6 atropa-tipped darts {throwing}
 F - 2 curare-tipped darts {=fthrowing}
Armour
 x - a +0 hat (worn)
   (You found it on level 1 of the Dungeon)
Magical Staves
 m - a staff of death {!astaff}
   (You found it on level 3 of the Dungeon)
 y - a staff of conjuration {!a@e2staff}
   (You found it on level 1 of the Dungeon)
Wands
 f - a wand of digging (3)
 k - a wand of paralysis (2)
   (You found it on level 3 of the Dungeon)
Scrolls
 b - a scroll of fog
 c - a scroll of magic mapping {!r}
 d - 3 scrolls of fear
 j - 2 scrolls of enchant weapon {unknown}
 o - 2 scrolls of amnesia {unknown}
 p - 5 scrolls of identify {unknown}
 r - 2 scrolls of teleportation {unknown}
 w - a scroll of immolation {unknown}
 E - a scroll of noise {unknown}
 G - 2 scrolls of vulnerability {unknown}
Potions
 g - 2 potions of curing {@q1}
 h - 2 potions of ambrosia
 q - a potion of mutation {unknown}
 s - a potion of heal wounds {unknown}
 t - 2 potions of berserk rage {unknown}
 B - 2 potions of brilliance {unknown}

Dungeon Overview and Level Annotations

Branches:
Dungeon (5/15)             Temple (1/1) D:4

Altars:
Ashenzari
Cheibriados
Dithmenos
Elyvilon
Fedhas
Gozag
Hepliaklqana
Kikubaaqudgha
Makhleb
Nemelex Xobeh
Ru
Uskayaw
Vehumet
Wu Jian
Xom
Yredelemnul
Zin
The Shining One

Annotations:
D:4 3 runed translucent doors, Cecur's ghost, amateur DsGl

##########'###....#
#..#....#..########
#..#....#....# #
#..#....#....# #
#..'....#....# #
#..#....##'### #
#..#..>......# #
#..###'#.....# #
#.@#...'.....# #
#.h#...#.....#
#.!#...#.....#
#..###.#.....###
######†##'#....#
#.....)...#....#
#.........#....#
######..###....#
#..###..########


You could see a black bear (berserk).


Message History

You take 2 damage, and now have 44/46 hp.
Unknown command.
You hit the ball python. You grab the ball python. You squeeze the ball python.
You kill the ball python!
You see here a ball python corpse.
You start resting. 😎 HP[+2]
Your hp is fully restored (46).
You open the door.
There is an open door here.
Key pressed, stopping explore.
You open the door.
There is an open door here.
You open the door.
Found an escape hatch in the floor.
There is an open door here.
You open the door.
There is an open door here.
A hound comes into view.
A hound is nearby!
The hound barks!
A kobold comes into view. It is wielding a +0 whip.
The kobold shouts!
You hit the hound. You grab the hound. You constrict the hound.
The hound closely misses you. x2
You hit the hound. You constrict the hound. The hound bites you. 😕 HP[-1]
You take 1 damage, and now have 45/46 hp.
You hit the hound but do no damage.
You constrict the hound, but do no damage.
The hound bites you. 😕 HP[-4]
You take 4 damage, and now have 41/46 hp.
You hit the hound. You constrict the hound. The hound barely misses you. x2
You hit the hound but do no damage. You constrict the hound.
The hound completely misses you.
You hit the hound. You constrict the hound.
The hound closely misses you. 😕 HP[+1]
You hit the hound.
You kill the hound!
The kobold misses you.
You see here a hound corpse.
You hit the kobold. Your grab misses the kobold.
Your squeeze misses the kobold.
The kobold hits you with a +0 whip. 😕 HP[-4]
You take 4 damage, and now have 38/46 hp.
You closely miss the kobold. You grab the kobold. You squeeze the kobold.
You kill the kobold!
i - 163 stones {throwing} (gained 3)
You see here a +0 whip {mace}.
You open the door.
There is an open door here.
There is an open door here.
You open the door.
There is an open door here.
Key pressed, stopping explore.
You open the door.
A black bear comes into view.
There is an open door here. 😎 HP[+8]
Your hp is fully restored (46).
A black bear is nearby!
A black bear is nearby!
The black bear bites you. The black bear claws you.
The black bear misses you. 😕 HP[-8]
You take 8 damage, and now have 38/46 hp.
You hit the black bear. You grab the black bear. You constrict the black bear.
The black bear barely misses you. The black bear claws you. x2 😮 HP[-4]
You take 4 damage, and now have 34/46 hp.
You hit the black bear but do no damage.
You constrict the black bear.
The black bear bites you but does no damage.
The black bear closely misses you.
The black bear claws you but does no damage.
You hit the black bear.
You squeeze the black bear, but do no damage.
You constrict the black bear. The black bear bites you.
The black bear claws you. x2 😮 HP[-8]
You take 8 damage, and now have 26/46 hp.
You hit the black bear. You squeeze the black bear!
You constrict the black bear.
The black bear goes berserk!
You hit the black bear. You constrict the black bear. The black bear bites you.
* * * LOW HITPOINT WARNING * * *
The black bear barely misses you. The black bear claws you.
* * * LOW HITPOINT WARNING * * *
😨 HP[-9]
You take 9 damage, and now have 17/46 hp.
Unknown command.
You hit the black bear. You constrict the black bear.
The black bear closely misses you. The black bear claws you.
* * * LOW HITPOINT WARNING * * *
The black bear closely misses you. The black bear bites you!
* * * LOW HITPOINT WARNING * * *
The black bear claws you.
* * * LOW HITPOINT WARNING * * *
The black bear claws you!
You die...

Skill      XL: |  1  2  3  4  5  6  7 |
---------------+----------------------+-----
Stealth        | 7 8 9 10 | 10.2
Air Magic      | 1 2 3 |  3.3
Spellcasting   | 1 |  1.9
Summonings     | 1 2 |  2.2
Fighting       | |  3.0
Short Blades   | |  2.0
Dodging        | |  2.0

Action                   |  1- 3 |  4- 6 |  7- 9 || total
-------------------------+-------+-------+-------++-------
Melee: Short sword       |     7 |    58 |       ||    65
       Tentacles         |     2 |    17 |    10 ||    29
       Constrict         |     1 |    26 |     7 ||    34
       Punch             |       |     2 |       ||     2
       Dagger            |       |    47 |    28 ||    75
 Cast: Foxfire           |       |     9 |       ||     9
Evoke: Wand              |       |     5 |       ||     5
  Use: Potion            |       |     2 |     1 ||     3
 Stab: Sleeping          |     3 |    30 |     2 ||    35
       Paralysed         |       |     4 |       ||     4
       Distracted        |       |     1 |       ||     1
Armor: Skin              |       |     4 |     3 ||     7
Dodge: Dodged            |     3 |    51 |    26 ||    80

Levels and vault maps discovered:
D:1:      nicolae_arrival_washed_ashore, layout_basic, serial_forest,
          infiniplex_forest_lined_room_3, infiniplex_forest_zigzag_1,
          infiniplex_forest_clump_long, infiniplex_forest_clump_large,
          infiniplex_forest_lined_ring, infiniplex_forest_lined_corner,
          infiniplex_forest_corner_1, infiniplex_forest_zigzag_1,
          infiniplex_forest_clump_small, infiniplex_forest_straight_1,
          palyth_stone_intersect, minmay_misc_feat_ornament, dk_noncrumbling_3,
          minivault_19
D:2:      layout_basic, ebering_ecumenical_altar_abandoned,
          chequers_serial_rivers_micro_a, minmay_cut_off
D:3:      cheibrodos_old_hovel, layout_rooms, nicolae_dithmenos_the_darkroom,
          eat_drink_and_be_merry_uskayaw, chequers_arboretum,
          minmay_fountain_box, minmay_misc_feat_tower, uniq_terence
D:4:      layout_gridville, minmay_temple_entry_glassed_door,
          gammafunk_ghost_split, uniq_grinder
D:5:      layout_basic, uniq_ijyb
Temple:   nicolae_temple_elliptical

Notes
Turn   | Place    | Note
-------+----------+-------------------------------------------
     0 | D:5      | spaghetti the Octopode Delver began the quest for the Orb.
     0 | D:5      | Reached XP level 1. HP: 16/16 MP: 1/1
     0 | D:5      | magus.rc [v1.9.6]
    10 | D:5      | Noticed a hound
    16 | D:5      | Killed a hound
    17 | D:5      | Reached skill level 7 in Stealth
    17 | D:5      | Reached XP level 2. HP: 20/21 MP: 2/2
    17 | D:5      | Reached XP level 3. HP: 25/26 MP: 3/3
    29 | D:5      | Reached skill level 8 in Stealth
    32 | D:5      | Reached XP level 4. HP: 31/31 MP: 4/4
    69 | D:5      | Noticed a sky beast
   159 | D:3      | Found a hide-covered altar of Uskayaw.
   234 | D:3      | You pick up a book of Flames and begin reading...
   234 | D:3      | You add the spells Foxfire, Conjure Flame, Inner Flame and
                  | Flame Wave to your library.
   251 | D:3      | Learned a level 1 spell: Foxfire
   337 | D:3      | Noticed Terence
   342 | D:3      | Killed Terence
   343 | D:3      | Reached skill level 9 in Stealth
   470 | D:3      | Reached XP level 5. HP: 31/36 MP: 5/5
   619 | D:3      | Found a shadowy altar of Dithmenos.
   977 | D:2      | Found a faded altar of an unknown god.
  1085 | D:2      | Reached skill level 10 in Stealth
  1381 | D:1      | You pick up a book of Storms and begin reading...
  1381 | D:1      | You add the spells Airstrike, Summon Lightning Spire and
                  | Lightning Bolt to your library.
  2292 | D:1      | You pick up a book of Blood and begin reading...
  2292 | D:1      | You add the spells Sublimation of Blood, Wereblood and
                  | Summon Hydra to your library.
  2705 | D:4      | You pick up a book of Touch and begin reading...
  2705 | D:4      | You add the spells Static Discharge, Sticky Flame and
                  | Dispel Undead to your library.
  2709 | D:4      | Learned a level 2 spell: Static Discharge
  2756 | D:4      | You pick up a book of Minor Magic and begin reading...
  2756 | D:4      | You add the spells Magic Dart, Call Imp and Mephitic Cloud
                  | to your library.
  2891 | D:4      | Found a runed translucent gate.
  2891 | D:4      | Found a runed translucent gate.
  2891 | D:4      | Noticed Cecur's ghost (amateur DsGl)
  2900 | D:4      | Found a runed translucent gate.
  2957 | D:4      | Found a staircase to the Ecumenical Temple.
  2968 | D:4      | Reached skill level 1 in Air Magic
  3053 | D:4      | Reached XP level 6. HP: 42/42 MP: 6/6
  3055 | D:4      | HP: 9/42 [gnoll/+0 halberd (12)]
  3072 | Temple   | Entered the Ecumenical Temple
  3441 | Temple   | Became a worshipper of Hepliaklqana the Forgotten
  3685 | D:4      | Noticed Grinder
  3701 | D:4      | Paralysed by Grinder for 5 turns
  3713 | D:4      | Killed Grinder
  3714 | D:4      | Reached skill level 1 in Spellcasting
  3714 | D:4      | Reached skill level 1 in Summonings
  3714 | D:4      | Reached skill level 2 in Air Magic
  3714 | D:4      | Reached XP level 7. HP: 36/46 MP: 3/9
  3719 | D:4      | Learned a level 4 spell: Summon Lightning Spire
  3844 | D:4      | Reached skill level 3 in Air Magic
  3876 | D:4      | Reached skill level 2 in Summonings
  4319 | D:4      | HP: 5/46 [black bear (7)]
  4319 | D:4      | HP: 1/46 [black bear (4)]
  4319 | D:4      | Mangled by a black bear

Vanquished Creatures
  Grinder (D:4)
  2 hounds
  Terence (D:3)
  2 orc wizards
  8 gnolls
  4 adders
  A worm (D:2)
  3 dart slugs
  7 orcs
  3 endoplasms
  3 giant cockroaches
  2 goblins
  8 hobgoblins
  2 quokkas
  12 ball pythons
  3 bats
  A frilled lizard (D:1)
  10 kobolds
  7 rats
80 creatures vanquished.

Vanquished Creatures (others)
  15 foxfires
  6 plants
21 creatures vanquished.

Grand Total: 101 creatures vanquished

Table legend:
 A = Non-vault XP
 B = Vault XP
 C = Vault XP percentage of total XP
 D = Non-vault monster count
 E = Vault monster count
 F = Vault count percentage of total count
                 A         B        C        D         E       F
            +---------+---------+-------+---------+---------+-------
      Total |     431 |     323 |  42.8 |      74 |       6 |   7.5
            +---------+---------+-------+---------+---------+-------
        D:1 |      24 |       0 |   0.0 |      15 |       0 |   0.0
        D:2 |      67 |       6 |   8.2 |      22 |       3 |  12.0
        D:3 |      73 |      40 |  35.4 |      17 |       2 |  10.5
        D:4 |     168 |     277 |  62.2 |      15 |       1 |   6.2
        D:5 |      99 |       0 |   0.0 |       5 |       0 |   0.0
            +---------+---------+-------+---------+---------+-------

Illustrated notes

Table legend:
 A = Kills in this place as a percentage of kills in entire the game.
 B = Kills by you in this place as a percentage of kills by you in the entire game.
 C = Kills by friends in this place as a percentage of kills by friends in the entire game.
 D = Other kills in this place as a percentage of other kills in the entire game.
 E = Experience gained in this place as a percentage of experience gained in the entire game.
 F = Experience gained in this place divided by the number of levels of this place that you have seen.
                   A       B       C       D       E      F
               +-------+-------+-------+-------+-------+----------------------
         Total | 100.0 | 100.0 |   N/A |   N/A | 100.0 | 125.7
       Dungeon | 100.0 | 100.0 |   N/A |   N/A | 100.0 | 150.8
               +-------+-------+-------+-------+-------+----------------------

Table legend: (Time is in decaauts)
 A = Elapsed time spent in this place.
 B = Non-inter-level travel time spent in this place.
 C = Inter-level travel time spent in this place.
 D = Time resting spent in this place.
 E = Time spent auto-exploring this place.
 F = Levels seen in this place.
 G = Mean time per level.
                   A        B        C        D        E       F      G
               +--------+--------+--------+--------+--------+-----+--------+
         Total |   4298 |   4136 |    162 |    583 |   2791 |   6 |  716.3 |
       Dungeon |   3910 |   3782 |    128 |    432 |   2602 |   5 |  782.0 |
        Temple |    387 |    353 |     34 |    151 |    189 |   1 |  387.0 |
               +--------+--------+--------+--------+--------+-----+--------+

Top non-repeatable levels by time:
     D:1: 1076 daAuts
     D:3: 1047 daAuts
     D:4: 982 daAuts
     D:2: 729 daAuts
  Temple: 387 daAuts
     D:5: 74 daAuts
